 Dungeon Crawl Stone Soup version 0.29.1-13-g9f3cf754e1 (webtiles) character file.

Game seed: 6373926138715085151

625 protoss039 the Digger (level 7, -4/54 HPs)
             Began as a Demonspawn Earth Elementalist on Feb 8, 2023.
             Slain by an orc warrior
             ... wielding a +0 glaive
              (21 damage)
             ... on level 5 of the Dungeon.
             The game lasted 00:06:29 (4335 turns).

protoss039 the Digger (DsEE)                        Turns: 4335, Time: 00:06:29

Health: -4/54      AC:  8    Str: 12    XL:     7   Next: 23%
Magic:  5/13       EV: 12    Int: 22    God:
Gold:   283        SH:  0    Dex: 18    Spells: 8/14 levels left

rFire   . . .      SeeInvis .   o - +1 rapier (venom)
rCold   . . .      Faith    .   (no shield)
rNeg    . . .      Spirit   .   m - +4 robe of Augmentation {Str+4 Int+4 Dex+4}
rPois   .          Reflect  .   k - +0 helmet
rElec   .          Harm     .   (no cloak)
rCorr   .          Rampage  .   (no gloves)
Will    .....                   p - +0 pair of boots
Stlth   ++........              (no amulet)
HPRegen 0.18/turn               (no ring)
MPRegen 0.26/turn               (no ring)

@: no status effects
A: hooves 1, spiny 2, magic regeneration
a: no special abilities


You were on level 5 of the Dungeon.
You visited 2 branches of the dungeon, and saw 6 of its levels.

You collected 283 gold pieces.

Inventory:

Hand Weapons
 o - a +1 rapier of venom (weapon)
Armour
 k - a +0 helmet (worn)
 m - the +4 robe of Augmentation (worn) {Str+4 Int+4 Dex+4}
   (You found it on level 2 of the Dungeon)

   Str:       It affects your strength (+4).
   Int:       It affects your intelligence (+4).
   Dex:       It affects your dexterity (+4).
 n - the +1 ring mail "Coemos" {rPois rF+ rN+++ Dex-2}
   (You found it on level 2 of the Dungeon)

   Dex:       It affects your dexterity (-2).
   rF:        It protects you from fire.
   rPois:     It protects you from poison.
   rN:        It renders you almost immune to negative energy.
 p - a +0 pair of boots (worn)
Magical Staves
 g - a staff of conjuration
Jewellery
 s - an amulet of faith
 t - an amulet of reflection
Scrolls
 c - 3 scrolls of noise {unknown}
 d - a scroll of brand weapon {unknown}
 e - 3 scrolls of teleportation
 h - 4 scrolls of identify {unknown}
 i - 3 scrolls of enchant weapon {unknown}
 l - a scroll of poison {unknown}
 q - 2 scrolls of fog {unknown}
 r - 3 scrolls of enchant armour {unknown}
 u - a scroll of immolation {unknown}
Potions
 a - a potion of degeneration {unknown}
 b - a potion of magic
 f - 5 potions of curing {unknown}
 j - a potion of flight {unknown}


   Skills:
 + Level 4.2 Fighting
 - Level 1.7 Dodging
 - Level 1.7 Stealth
 + Level 4.4 Spellcasting
 + Level 1.3 Conjurations
 - Level 0.8 Transmutations
 + Level 4.8 Earth Magic


You had 8 spell levels left.
You knew the following spells:

 Your Spells              Type           Power      Damage    Failure   Level
a - Sandblast             Erth           52%        2d12      1%          1
b - Passwall              Tmut/Erth      14%        N/A       4%          2
c - Stone Arrow           Conj/Erth      36%        3d9       9%          3

Your spell library contained the following spells:

 Spells                   Type           Power      Damage    Failure   Level
 Magic Dart               Conj           40%        1d5       6%          1
 Call Imp                 Summ           4%         N/A       16%         2
 Dazzling Flash           Conj/Hex       14%        N/A       24%         3
 Mephitic Cloud           Conj/Pois/Air  6%         N/A       26%         3
 Petrify                  Tmut/Erth      17%        N/A       32%         4
 Iskenderun's Mystic Bla  Conj/Tloc      7%         2d4       63%         4
 Starburst                Conj/Fire      3%         6d3       100%        6


Dungeon Overview and Level Annotations

Branches:
Dungeon (5/15) Zot: 25755  Temple (1/1) D:5 Zot: 5852

Altars:
Ashenzari
Cheibriados
Dithmenos
Fedhas
Gozag
Hepliaklqana
Kikubaaqudgha
Makhleb
Nemelex Xobeh
Okawaru
Qazlal
Ru
Trog
Wu Jian
Xom
Yredelemnul


Innate Abilities, Weirdness & Mutations

You have large cloven feet.
You are mostly covered in sharp spines.
You regenerate magic rapidly.


Message History

The orc warrior shouts!
You barely miss the orc.
Unknown command.
You hit the orc.
The orc is moderately wounded.
The orc is struck by your spines.
You kill the orc!
Unknown command.
You hit the orc.
The orc is poisoned.
The orc is severely wounded.
You kill the orc!
The orc warrior misses you.
Unknown command.
The orc warrior hits you with a +0 glaive!!
Things that are here:
a +0 flail; a +0 rapier; a +0 leather armour Unknown command.
You closely miss the orc warrior.
The orc warrior is struck by your spines.
The orc warrior hits you with a +0 glaive!
* * * LOW HITPOINT WARNING * * *
Unknown command.
Unknown command.
You are too injured to fight recklessly!
Unknown command.
Unknown command.
You hit the orc warrior but do no damage.
The orc warrior is poisoned.
The orc warrior is moderately wounded.
The orc warrior barely misses you.
You hit the orc warrior.
The orc warrior looks as sick as possible!
The orc warrior is moderately wounded.
The orc warrior barely misses you.
You hit the orc warrior but do no damage.
The orc warrior looks as sick as possible!
The orc warrior is heavily wounded.
The orc warrior misses you.
The orc warrior hits you from afar with a +0 glaive!!
You die...

# #. #o# .# .## #.
##.##.##.##.#
#..#.........#.#
#..............#
.##..⌠...⌠..#.#
..#.....†...#.#
#......>......#
#.#.........#.#
#@#..⌠...⌠..#.#
#))o..........#
#.#.........###
#)##.##.##.##
#..).##.##..#
#######.....######
####........
#..###### #..#


You could see an orc warrior (extremely poisoned).

Vanquished Creatures
  Eustachio (D:5)
  A black bear (D:4)
  An ogre (D:4)
  A scorpion (D:4)
  2 hounds
  Jessica (D:2)
  7 adders
  A worm (D:2)
  4 dart slugs
  4 orcs (D:5)
  9 ball pythons
  7 bats
  9 endoplasms
  3 giant cockroaches (D:1)
  9 hobgoblins
  4 jackals
  3 quokkas
  3 frilled lizards
  11 goblins
  9 kobolds
  3 rats
93 creatures vanquished.

Notes
Turn   | Place    | Note
-------+----------+-------------------------------------------
     0 | D:1      | protoss039 the Demonspawn Earth Elementalist began the
                  | quest for the Orb.
     0 | D:1      | Reached XP level 1. HP: 13/13 MP: 3/3
   260 | D:1      | Discovered your monstrous ancestry.
   260 | D:1      | Gained mutation: You have large cloven feet. [demonic
                  | ancestry]
   260 | D:1      | Reached XP level 2. HP: 20/20 MP: 1/5
   732 | D:1      | Reached skill level 1 in Fighting
  1196 | D:1      | Gained mutation: You are partially covered in sharp spines.
                  | [demonic ancestry]
  1196 | D:1      | Reached XP level 3. HP: 26/26 MP: 2/6
  1974 | D:2      | Noticed Jessica
  1991 | D:2      | Killed Jessica
  1992 | D:2      | Reached XP level 4. HP: 20/33 MP: 1/8
  2519 | D:2      | Found the +4 robe of Augmentation {Str+4 Int+4 Dex+4}
  2650 | D:2      | Identified the +1 ring mail "Coemos" {rPois rF+ rN+++
                  | Dex-2}
  2906 | D:2      | Learned a level 2 spell: Passwall
  2931 | D:3      | Found a sacrificial altar of Ru.
  3249 | D:3      | Reached XP level 5. HP: 38/39 MP: 9/9
  3360 | D:3      | Found a faded altar of an unknown god.
  3518 | D:4      | Noticed a black bear
  3524 | D:4      | Killed a black bear
  3525 | D:4      | Gained mutation: You are mostly covered in sharp spines.
                  | [demonic ancestry]
  3525 | D:4      | Reached XP level 6. HP: 43/47 MP: 8/11
  4041 | D:5      | Entered Level 5 of the Dungeon
  4046 | D:5      | Learned a level 3 spell: Stone Arrow
  4145 | D:5      | Found a staircase to the Ecumenical Temple.
  4149 | D:5      | Noticed Eustachio
  4154 | D:5      | Noticed an orc warrior
  4155 | Temple   | Entered the Ecumenical Temple
  4319 | D:5      | Killed Eustachio
  4320 | D:5      | Reached skill level 1 in Conjurations
  4320 | D:5      | Gained mutation: You regenerate magic rapidly. [demonic
                  | ancestry]
  4320 | D:5      | Reached XP level 7. HP: 48/54 MP: 3/13
  4335 | D:5      | Slain by an orc warrior

Illustrated notes

Levels and vault maps discovered:
D:1:      minmay_arrival_checkered_box, layout_basic, minmay_hexomino_r4
D:2:      layout_loops_corners, uniq_jessica
D:3:      layout_rooms, mainiacjoe_overflow_boulevard,
          chequers_ecumenical_altar_simple_redux, minmay_misc_feat_more_columns
D:4:      layout_basic
D:5:      kennysheep_spiral_hall, layout_loops_ring,
          minmay_temple_entry_large_hall, uniq_eustachio, uniq_ijyb
Temple:   regret_index_temple_chain_breaker

Skill      XL: |  1  2  3  4  5  6 |
---------------+-------------------+-----
Fighting       | 1 2 3 4 |  4.2
Earth Magic    | 3 4 |  4.8
Spellcasting   | 3 4 |  4.4
Conjurations   | 1 |  1.3
Dodging        | |  1.7
Stealth        | |  1.7
Transmutations | |  0.8

Action                   |  1- 3 |  4- 6 |  7- 9 || total
-------------------------+-------+-------+-------++-------
Melee: Dagger            |    31 |     5 |       ||    36
       Kick              |     8 |     4 |       ||    12
       Rapier            |       |    41 |     9 ||    50
       Punch             |       |     1 |       ||     1
 Cast: Sandblast         |    43 |    24 |     2 ||    69
       Stone Arrow       |       |     3 |       ||     3
  Use: Scroll            |       |     2 |       ||     2
 Stab: Sleeping          |     2 |     5 |       ||     7
Armor: Robe              |    11 |    19 |       ||    30
Dodge: Dodged            |    34 |    31 |     4 ||    69
